 Dungeon Crawl Stone Soup version 0.23.2-30-g0e89c35649 (webtiles) character file.

Game seed: 9077884430734781535

585 Ceapi the Cleaver (level 7, -5/58 HPs)
             Began as a Hill Orc Berserker on June 7, 2019.
             Was a Priest of Trog.
             Killed from afar by Pikel (8 damage)
             ... with a wand of acid (2)
             ... on level 5 of the Dungeon.
             The game lasted 00:17:40 (4306 turns).

Ceapi the Cleaver (Hill Orc Berserker)              Turns: 4306, Time: 00:17:46

Health: -5/58      AC:  7    Str: 22    XL:     7   Next: 37%
Magic:  7/7        EV: 10    Int:  7    God:    Trog [***...]
Gold:   181        SH:  0    Dex: 10    Spells: 6/6 levels left

rFire    . . .     SeeInvis .   a - +0 hand axe
rCold    . . .     Gourm    .   (no shield)
rNeg     . . .     Faith    .   j - -1 scale mail (curse)
rPois    .         Spirit   .   d - +0 helmet
rElec    .         Reflect  .   (no cloak)
rCorr    .         Harm     .   (no gloves)
MR       .....                  p - +0 pair of boots
Stlth    ..........             (no amulet)
HPRegen  0.19/turn              (no ring)
MPRegen  0.10/turn              (no ring)

@: berserk cooldown, slowed, very slow
A: no striking features
a: Berserk, Trog's Hand, Renounce Religion


You were on level 5 of the Dungeon.
You worshipped Trog.
Trog was most pleased with you.
You were very hungry.

You visited 1 branch of the dungeon, and saw 5 of its levels.

You collected 181 gold pieces.

Inventory:

Hand Weapons
 a - a +0 hand axe (weapon)
Missiles
 l - a throwing net (quivered)
Armour
 d - a +0 helmet (worn)
 i - a +0 large shield
 j - a cursed -1 scale mail (worn)
 p - a +0 pair of boots (worn)
Jewellery
 v - a +4 ring of dexterity
Wands
 o - a wand of polymorph (13)
Scrolls
 b - a scroll of fog {unknown}
 f - a scroll of enchant weapon {unknown}
 m - a scroll of fear {unknown}
 n - 2 scrolls of remove curse {unknown}
 q - 2 scrolls of identify {unknown}
 r - 2 scrolls of amnesia {unknown}
 s - a scroll of immolation {unknown}
 t - 2 scrolls of teleportation {unknown}
 w - a scroll of random uselessness {unknown}
Potions
 e - 2 potions of heal wounds {unknown}
 g - 2 potions of agility {unknown}
 h - 3 potions of haste {unknown}
 k - 3 potions of curing {unknown}
 u - a potion of might {unknown}
Comestibles
 c - 10 rations


   Skills:
 - Level 3.7 Fighting
 + Level 10.6 Axes
 - Level 2.2 Armour
 - Level 1.6 Dodging


You had 6 spell levels left.
You didn't know any spells.
Your spell library was empty.

Dungeon Overview and Level Annotations

Branches:
Dungeon (5/15)
 Temple: D:4-7

Altars:
Fedhas
Kikubaaqudgha
Nemelex Xobeh
Okawaru
Qazlal
Xom

Annotations:
D:5 Pikel


Message History

Pikel is severely wounded.
You barely miss the slave.
Pikel hits you with a +1 whip of freezing.
Pikel freezes you. The slave hits you.
You hit Pikel.
Pikel is severely wounded.
You hit the slave but do no damage. Pikel hits you but does no damage.
The slave hits you.
You hit Pikel but do no damage.
Pikel is severely wounded.
Your scale mail prevents you from hitting the slave.
Pikel barely misses you. The slave misses you.
You hit Pikel.
Pikel is severely wounded.
You hit the slave.
Pikel zaps a wand.
The bolt of acid hits you!
* * * LOW HITPOINT WARNING * * *
You are splashed with acid!
* * * LOW HITPOINT WARNING * * *
The slave closely misses you.
Pikel zaps a wand.
The bolt of acid hits you!
You die...

#.#.# <......##.#.#
...>...##.#.#
.......##...# ..
.......##...#######....
. .$(.[#......#........
... .....##..)..###
#..##Kp##..###<..#
#...@[##..# ###.#
##).#.....# ...
#.#####....... .## #..
....#.## .# #.
......... # ..
.#####.... #. ## ##..
#.


You could see Pikel and a slave.

Vanquished Creatures
  The ghost of barcode the Magician, an amateur DEIE (D:4)
  A phantom (D:4)
  3 slaves (D:5)
  A scorpion (D:4)
  An orc priest (D:3)
  A hound (D:4)
  A bullfrog skeleton (D:5)
  An orc wizard (D:4)
  An iguana (D:4)
  3 worker ants (D:4)
  A howler monkey skeleton (D:4)
  4 adders
  7 worms (D:2)
  3 leopard geckos
  6 orcs
  A ball python (D:3)
  A bat (D:2)
  6 giant cockroaches
  3 goblins
  11 hobgoblins
  4 jackals
  6 kobolds
  6 frilled lizards
  A jackal skeleton (D:3)
  3 rats
77 creatures vanquished.

Notes
Turn   | Place    | Note
-------+----------+-------------------------------------------
     0 | D:1      | Ceapi the Hill Orc Berserker began the quest for the Orb.
     0 | D:1      | Reached XP level 1. HP: 19/19 MP: 1/1
   419 | D:1      | Reached XP level 2. HP: 27/27 MP: 2/2
   718 | D:2      | Found a stormy altar of Qazlal.
  1015 | D:2      | Reached skill level 5 in Axes
  1276 | D:2      | Reached XP level 3. HP: 29/33 MP: 3/3
  1606 | D:2      | Reached skill level 6 in Axes
  1732 | D:2      | Reached XP level 4. HP: 33/40 MP: 4/4
  2010 | D:3      | Reached ** piety under Trog
  2584 | D:3      | Found a faded altar of an unknown god.
  2655 | D:3      | Reached skill level 7 in Axes
  2676 | D:3      | Reached XP level 5. HP: 46/46 MP: 5/5
  2770 | D:3      | Found an iron altar of Okawaru.
  2993 | D:3      | Found a sparkling altar of Nemelex Xobeh.
  2993 | D:3      | Found a shimmering altar of Xom.
  2995 | D:3      | Found a blossoming altar of Fedhas.
  3137 | D:4      | Reached skill level 8 in Axes
  3408 | D:4      | Reached XP level 6. HP: 51/52 MP: 6/6
  3516 | D:4      | Found a transporter.
  3531 | D:4      | Found an ancient bone altar of Kikubaaqudgha.
  3539 | D:4      | Noticed barcode's ghost (amateur DEIE)
  3548 | D:4      | Noticed a phantom
  3594 | D:4      | Found a transporter.
  3619 | D:4      | Killed barcode's ghost
  3619 | D:4      | Reached skill level 9 in Axes
  3628 | D:4      | Killed a phantom
  3628 | D:4      | Reached skill level 10 in Axes
  3628 | D:4      | Reached XP level 7. HP: 58/58 MP: 7/7
  4032 | D:4      | Reached *** piety under Trog
  4268 | D:5      | Entered Level 5 of the Dungeon
  4279 | D:5      | Noticed Pikel
  4306 | D:5      | Killed from afar by Pikel

Skill      XL: |  1  2  3  4  5  6 |
---------------+-------------------+-----
Axes           | 5 6 7 8 10 | 10.6
Fighting       | |  3.7
Armour         | |  2.2
Dodging        | |  1.6

Action                   |  1- 3 |  4- 6 |  7- 9 || total
-------------------------+-------+-------+-------++-------
Melee: Hand axe          |    88 |   139 |    76 ||   303
Invok: Berserk           |     1 |     2 |     1 ||     4
  Eat: Chunk             |     4 |     6 |       ||    10
       Ration            |       |       |     1 ||     1
Armor: Scale mail        |    30 |    35 |    30 ||    95
       Animal skin       |     1 |       |       ||     1
Dodge: Dodged            |    35 |    74 |    38 ||   147
